AoeStats
← hadibaaayım

Arena

507905487Analyzed
1v1 RM · 11d ago on Sep 20, 2026· 50m 23s· 2 players
Game mode
Random Map
Map size
Tiny (2 player)
Population
200
Speed
Normal
Resources
Standard
Victory
Conquest
Starting age
Dark Age
Ending age
Imperial Age
RankedLock teamsTeams togetherTeam positionsShared explorationLock speedFull tech treeHidden civsTurbo modeCheats
Victory
Defeat
🇹🇷 Franks · Türkiye
953
+17
🇺🇸 Slavs · United States
980
-17
hadibaaayım
0:41 Loom
11:07 Feudal Age
11:38 Double-Bit Axe
16:51 Castle Age
16:44 Forging
16:41 Scale Barding Armor
16:52 Stone Mining
34:20 Imperial Age
34:11 Iron Casting
35:28 Wheelbarrow
35:15 Town Watch
41:00 Hand Cart
40:45 Town Patrol
41:52 Conscription
41:53 #83
43:22 Blast Furnace
42:44 Chain Barding Armor
42:18 Gold Mining
45:00 Hoardings
46:33 Coinage
46:04 Elite Throwing Axeman
48:47 Gold Shaft Mining
48:23 Murder Holes
48:39 Fortified Wall
48:49 Ballistics
48:40 Masonry
48:21 Guard Tower
48:16 Arrowslits
hgperez86
10:49 Feudal Age
11:41 Loom
11:49 Double-Bit Axe
11:49 Horse Collar
16:01 Man-at-Arms
19:36 Castle Age
18:02 Scale Mail Armor
17:43 Man-at-Arms
21:39 Town Watch
22:30 Wheelbarrow
22:59 Chain Mail Armor
23:24 Fortified Wall
24:04 Squires
25:26 Guard Tower
25:31 Murder Holes
25:47 Masonry
26:11 Scale Barding Armor
26:17 Forging
27:59 Town Patrol
34:38 Imperial Age
32:20 Fletching
33:39 Iron Casting
33:46 Ballistics
33:58 Hand Cart
34:33 Bodkin Arrow
36:04 Conscription
37:10 Chemistry
37:31 Chain Barding Armor
38:08 Husbandry
38:19 Bloodlines
37:30 Cavalier
45:01 Druzhina
Connection lost

Rejoining the realm…

Still unreachable

The connection could not be restored.

Session expired

The server has moved on; the page needs a fresh start.